 Dungeon Crawl Stone Soup version 0.31-a0-986-g5e6e4ef867 (webtiles) character file.

Game seed: 16328749776854214029

198 wildpjah the Ruffian (level 5, -10/38 HPs)
             Began as a Demonspawn Shapeshifter on Nov 12, 2023.
             Mangled by a gnoll
             ... wielding a +0 halberd
              (13 damage)
             ... on level 3 of the Dungeon.
             The game lasted 00:03:30 (2106 turns).

wildpjah the Ruffian (Demonspawn Shapeshifter)      Turns: 2106, Time: 00:03:31

Health: -10/38     AC:  2    Str: 16    XL:     5   Next: 47%
Magic:  5/5        EV: 12    Int: 12    God:
Gold:   188        SH:  0    Dex: 12    Spells: 4/4 levels left

rFire   . .          .
                       - Unarmed
rCold   . . .        (no shield)
rNeg    . . .        a - +0 animal skin
rPois   .            (helmet currently unavailable)
rElec   .            h - melded +0 cloak
rCorr   .            (gloves currently unavailable)
SInv    .            (boots currently unavailable)
Will    .....        (no amulet)
Stlth   ++           (no ring)
HPRegen 0.26/turn    (no ring)
MPRegen 0.09/turn

%: no passive effects
@: beast-form
A: beast (slay +2), weakness stinger 1
a: Begin Untransformation


You were on level 3 of the Dungeon.
You were a hulking beast.
You visited 1 branch of the dungeon, and saw 3 of its levels.

You collected 188 gold pieces.

Inventory:

Armour
 a - a +0 animal skin (worn)
 h - a +0 cloak (melded)
Talismans
 c - a beast talisman (active)
 d - a flux talisman
Scrolls
 e - 2 scrolls of identify {unknown}
 f - a scroll of amnesia {unknown}
 i - a scroll of fog {unknown}
 j - a scroll of immolation {unknown}
 k - a scroll of fear {unknown}
Potions
 b - a potion of lignification
 g - a potion of ambrosia {unknown}


   Skills:
 + Level 2.0 Fighting
 + Level 2.4 Dodging
 + Level 1.3 Stealth
 + Level 4.1 Unarmed Combat
 * Level 3.5 Shapeshifting


You had 4 spell levels left.
You didn't know any spells.
Your spell library was empty.

Dungeon Overview and Level Annotations

Branches:
Dungeon (3/15)

Altars:


Innate Abilities, Weirdness & Mutations

You are a hulking beast.
Your limbs bulge with bestial killing power. (Slay +2)
You have a small tail.


Message History

You punch the gnoll! You tail-slap the gnoll.
The gnoll is severely wounded.
The gnoll closely misses you. The gnoll hits you with a +0 halberd!
You barely miss the gnoll.
The gnoll is severely wounded.
The gnoll barely misses you. The gnoll misses you.
You closely miss the gnoll.
The gnoll is severely wounded.
The gnoll closely misses you. The gnoll hits you with a +0 halberd!
You are too injured to fight recklessly!
You are too injured to fight recklessly!
You are too injured to fight recklessly!
You are too injured to fight recklessly!
You are too injured to fight recklessly!
You are too injured to fight recklessly!
You are too injured to fight recklessly!
You are too injured to fight recklessly!
You are too injured to fight recklessly!
You are too injured to fight recklessly!
You are too injured to fight recklessly!
You are too injured to fight recklessly!
You are too injured to fight recklessly!
You are too injured to fight recklessly!
You are too injured to fight recklessly!
The gnoll attacks as it pursues you! The gnoll misses you. x2
You see here a +0 club.
You closely miss the gnoll. You tail-slap the gnoll.
You kill the gnoll!
The gnoll hits you from afar with a +0 halberd.
* * * LOW HITPOINT WARNING * * *
The gnoll attacks as it pursues you! The gnoll closely misses you.
The gnoll attacks as it pursues you!
The gnoll hits you from afar with a +0 halberd.
* * * LOW HITPOINT WARNING * * *
The gnoll attacks as it pursues you!
The gnoll hits you from afar with a +0 halberd.
* * * LOW HITPOINT WARNING * * *
The gnoll attacks as it pursues you! The gnoll hits you but does no damage.
The gnoll hits you with a +0 halberd!
You die...

#.# # #.###### ##.##
#..##.#.... #.#.# #..#....#
#..## #..#.)# #.##
#..#.)######## ##.#
#...g........# #..#
#.##...#####.# #.##
######.##...## #.# #.#
#..hgg.......####.## #.#
#.####.#...#........ #.# #.#
#.#.......##... #.# #.#
#.............. #.# ##.##
###...##...#### #.########...#
#............
#............######...#.......
##########.......).......#....
####.#####...##.#....


You could see 2 gnolls.

Vanquished Creatures
  2 orc priests (D:3)
  Crazy Yiuf (D:2)
  2 gnolls (D:3)
  3 adders
  A dart slug (D:2)
  2 orcs
  6 endoplasms
  2 giant cockroaches
  5 goblins (D:1)
  6 hobgoblins
  2 jackals (D:1)
  6 quokkas
  6 ball pythons
  4 bats
  3 frilled lizards
  6 kobolds
  3 rats
60 creatures vanquished.

Notes
Turn   | Place    | Note
-------+----------+-------------------------------------------
     0 | D:1      | wildpjah the Demonspawn Shapeshifter began the quest for
                  | the Orb.
     0 | D:1      | Reached XP level 1. HP: 15/15 MP: 1/1
   220 | D:1      | Gained mutation: You have a small tail. [demonic ancestry]
   220 | D:1      | Reached XP level 2. HP: 21/21 MP: 2/2
   581 | D:1      | Reached XP level 3. HP: 24/26 MP: 3/3
   624 | D:1      | Reached skill level 3 in Unarmed Combat
   993 | D:2      | Found a runed translucent door.
   994 | D:2      | Noticed Crazy Yiuf
  1534 | D:2      | Killed Crazy Yiuf
  1535 | D:2      | Reached skill level 1 in Stealth
  1535 | D:2      | Reached XP level 4. HP: 23/33 MP: 4/4
  1890 | D:3      | Reached XP level 5. HP: 33/38 MP: 5/5
  2044 | D:3      | Reached skill level 4 in Unarmed Combat
  2106 | D:3      | Mangled by a gnoll

Illustrated notes

Levels and vault maps discovered:
D:1:      dpeg_arrival_shelter, layout_loops_ring
D:2:      layout_basic, serial_bayou, serial_bayou_shore_a, serial_bayou_pond_d,
          serial_bayou_pond_c, serial_bayou_shore_b, serial_bayou_ford_a,
          chequers_serial_rivers_large_b, uniq_crazy_yiuf_cottage
D:3:      layout_loops_ring

Skill      XL: |  1  2  3  4  5 |
---------------+----------------+-----
Dodging        | 2 |  2.4
Shapeshifting  | 3 |  3.5
Unarmed Combat | 3 4 |  4.1
Stealth        | 1 |  1.3
Fighting       | 2 |  2.0

Action                     |  1- 3 |  4- 6 || total
---------------------------+-------+-------++-------
  Melee: Unarmed           |   130 |    51 ||   181
         Tailslap          |    13 |     9 ||    22
         Punch             |       |     2 ||     2
    Use: Potion            |     2 |       ||     2
   Stab: Sleeping          |     3 |       ||     3
 Armour: Animal skin       |    59 |    24 ||    83
  Dodge: Dodged            |    98 |    32 ||   130
   Form: Beast             |       |     2 ||     2
                           |       |     1 ||     1

Table legend: (Time is in decaauts)
 A = Elapsed time spent in this place.
 B = Non-inter-level travel time spent in this place.
 C = Inter-level travel time spent in this place.
 D = Time resting spent in this place.
 E = Time spent auto-exploring this place.
 F = Levels seen in this place.
 G = Mean time per level.
                   A        B        C        D        E       F      G
               +--------+--------+--------+--------+--------+-----+--------+
         Total |   2150 |   2064 |     86 |      0 |   1664 |   3 |  716.7 |
       Dungeon |   2150 |   2064 |     86 |      0 |   1664 |   3 |  716.7 |
               +--------+--------+--------+--------+--------+-----+--------+

Top non-repeatable levels by time:
     D:2: 1031 daAuts
     D:1: 781 daAuts
     D:3: 337 daAuts
